 Dungeon Crawl Stone Soup version 0.26.0-10-g1f06aea511 (webtiles) character file.

Game seed: 6636970555438527901

106 Dracia the Ducker (level 4, -5/38 HPs)
             Began as a Gnoll Gladiator on Jan 14, 2021.
             Slain by a gnoll
             ... wielding a +0 spear
              (6 damage)
             ... on level 3 of the Dungeon.
             The game lasted 00:03:08 (1626 turns).

Dracia the Ducker (Gnoll Gladiator)                 Turns: 1626, Time: 00:03:08

Health: -5/38      AC:  4    Str: 16    XL:     4   Next: 84%
Magic:  5/5        EV: 16    Int: 11    God:
Gold:   179        SH:  0    Dex: 17    Spells: 5/5 levels left

rFire    x . .     SeeInvis .   a - +0 quarterstaff
rCold    + . .     Faith    .   (shield currently unavailable)
rNeg     . . .     Spirit   .   b - +0 leather armour
rPois    .         Reflect  .   c - +0 helmet
rElec    .         Harm     .   (no cloak)
rCorr    .         Rampage  .   (no gloves)
Will     .....                  (no boots)
Stlth    ++........             (no amulet)
HPRegen  0.12/turn              C - ring of ice
MPRegen  0.09/turn              (no ring)

@: attractive, flying
A: distributed training, fangs 1, strong nose
a: no special abilities


You were on level 3 of the Dungeon.
You visited 1 branch of the dungeon, and saw 3 of its levels.

You collected 179 gold pieces.


Innate Abilities, Weirdness & Mutations

Your experience applies equally to all skills.
You have very sharp teeth.
Your uncanny sense of smell can sniff out nearby items.


   Skills:
 + Level 4.7 Fighting
 + Level 1.2 Short Blades
 + Level 1.2 Long Blades
 + Level 1.2 Axes
 + Level 1.2 Maces & Flails
 + Level 1.2 Polearms
 + Level 6.6 Staves
 + Level 1.2 Slings
 + Level 1.2 Bows
 + Level 1.2 Crossbows
 + Level 4.7 Throwing
 + Level 1.2 Armour
 + Level 6.6 Dodging
 + Level 1.2 Stealth
 + Level 1.2 Shields
 + Level 1.2 Unarmed Combat
 + Level 1.2 Spellcasting
 + Level 1.0 Conjurations
 + Level 1.0 Hexes
 + Level 1.0 Summonings
 + Level 1.0 Necromancy
 + Level 1.0 Translocations
 + Level 1.0 Transmutations
 + Level 1.0 Fire Magic
 + Level 1.0 Ice Magic
 + Level 1.0 Air Magic
 + Level 1.0 Earth Magic
 + Level 1.0 Poison Magic
 + Level 1.4 Invocations
 + Level 1.2 Evocations


You had 5 spell levels left.
You didn't know any spells.
Your spell library was empty.

Inventory:

Hand Weapons
 a - a +0 quarterstaff (weapon)
Missiles
 d - 5 throwing nets (quivered) {=f=f}
Armour
 b - a +0 leather armour (worn)
 c - a +0 helmet (worn)
 k - a +0 leather armour of poison resistance
Jewellery
 C - a ring of ice (left hand)
Scrolls
 f - a scroll of amnesia {unknown}
 g - 5 scrolls of identify {unknown}
 i - a scroll of fear {unknown}
 j - a scroll of blinking {unknown}
 l - a scroll of noise {unknown}
 n - a scroll of immolation {unknown}
 o - a scroll of remove curse {unknown}
 p - a scroll of magic mapping {unknown}
 q - a scroll of fog {unknown}

Dungeon Overview and Level Annotations

Branches:
Dungeon (3/15)

Altars:
Cheibriados
Makhleb
Vehumet

#.......##'#..<..#
#####.)......##### #
#........'....
####.##########........#####
....l.....l†................
.....ggg..rlg...............
.#.r...####gg....###########
#.#... #g####.... #... #@#
#.### #.#. #.# .# #.#. #.#
.. # .) #.# . .. #.# #.# ..#
###


You could see 4 gnolls, a leopard gecko, a quokka and a frilled lizard.


Message History

The gnoll closely misses you.
The gnoll hits you from afar with a +0 spear!
* * * LOW HITPOINT WARNING * * *
The gnoll barely misses you.
You hit the gnoll but do no damage.
The gnoll is lightly wounded.
The gnoll closely misses you. x2
A leopard gecko comes into view.
The gnoll hits you but does no damage.
Unknown command.
You hit the gnoll. Your bite misses the gnoll.
The gnoll is moderately wounded.
The gnoll barely misses you. x2; The gnoll misses you.
Unknown command.
You barely miss the gnoll.
The gnoll is moderately wounded.
The gnoll misses you.
The gnoll hits you from afar with a +0 spear.
* * * LOW HITPOINT WARNING * * *
The gnoll hits you from afar with a +0 spear.
* * * LOW HITPOINT WARNING * * *
You hit the gnoll. Your bite misses the gnoll.
The gnoll is heavily wounded.
The gnoll closely misses you. The gnoll hits you but does no damage.
The gnoll barely misses you.
You barely miss the gnoll.
The gnoll is heavily wounded.
The gnoll closely misses you.
The gnoll hits you from afar with a +0 spear.
You die...

Skill      XL: |  1  2  3  4 |
---------------+-------------+-----
Short Blades   | 1 |  1.2
Long Blades    | 1 |  1.2
Axes           | 1 |  1.2
Maces & Flails | 1 |  1.2
Polearms       | 1 |  1.2
Slings         | 1 |  1.2
Bows           | 1 |  1.2
Crossbows      | 1 |  1.2
Armour         | 1 |  1.2
Stealth        | 1 |  1.2
Shields        | 1 |  1.2
Unarmed Combat | 1 |  1.2
Spellcasting   | 1 |  1.2
Invocations    | 1 |  1.4
Evocations     | 1 |  1.2
Conjurations   | 1 |  1.0
Hexes          | 1 |  1.0
Summonings     | 1 |  1.0
Necromancy     | 1 |  1.0
Translocations | 1 |  1.0
Transmutations | 1 |  1.0
Fire Magic     | 1 |  1.0
Ice Magic      | 1 |  1.0
Air Magic      | 1 |  1.0
Earth Magic    | 1 |  1.0
Poison Magic   | 1 |  1.0
Fighting       | |  4.7
Staves         | |  6.6
Throwing       | |  4.7
Dodging        | |  6.6

Action                   |  1- 3 |  4- 6 || total
-------------------------+-------+-------++-------
Melee: Quarterstaff      |    62 |    79 ||   141
       Bite              |     3 |    10 ||    13
  Use: Potion            |       |     3 ||     3
 Stab: Sleeping          |       |     3 ||     3
Armor: Leather armour    |    13 |    23 ||    36
Dodge: Dodged            |    48 |    87 ||   135

Levels and vault maps discovered:
D:1:      eino_arrival_water_cross, layout_basic, serial_park_tiny_2,
          ebering_dispersal_statue_hall
D:2:      layout_loops_ring, amethyst_overflow_temple_binary,
          nicolae_overflow_crystal_walls, minmay_tromino_v2
D:3:      layout_basic, lemuel_round_altar, nicolae_overflow_hidden_temple

Notes
Turn   | Place    | Note
-------+----------+-------------------------------------------
     0 | D:1      | Dracia the Gnoll Gladiator began the quest for the Orb.
     0 | D:1      | Reached XP level 1. HP: 20/20 MP: 1/1
   157 | D:1      | Reached XP level 2. HP: 13/26 MP: 2/2
   680 | D:2      | Reached XP level 3. HP: 27/31 MP: 2/4
   735 | D:2      | Reached skill level 1 in Short Blades
   735 | D:2      | Reached skill level 1 in Long Blades
   735 | D:2      | Reached skill level 1 in Axes
   735 | D:2      | Reached skill level 1 in Maces & Flails
   735 | D:2      | Reached skill level 1 in Polearms
   735 | D:2      | Reached skill level 1 in Slings
   735 | D:2      | Reached skill level 1 in Bows
   735 | D:2      | Reached skill level 1 in Crossbows
   735 | D:2      | Reached skill level 1 in Armour
   735 | D:2      | Reached skill level 1 in Stealth
   735 | D:2      | Reached skill level 1 in Shields
   735 | D:2      | Reached skill level 1 in Unarmed Combat
   735 | D:2      | Reached skill level 1 in Spellcasting
   735 | D:2      | Reached skill level 1 in Invocations
   735 | D:2      | Reached skill level 1 in Evocations
   806 | D:2      | Reached XP level 4. HP: 26/38 MP: 5/5
   906 | D:2      | Found a snail-covered altar of Cheibriados.
  1236 | D:2      | Reached skill level 1 in Conjurations
  1236 | D:2      | Reached skill level 1 in Hexes
  1236 | D:2      | Reached skill level 1 in Summonings
  1236 | D:2      | Reached skill level 1 in Necromancy
  1236 | D:2      | Reached skill level 1 in Translocations
  1236 | D:2      | Reached skill level 1 in Transmutations
  1236 | D:2      | Reached skill level 1 in Fire Magic
  1236 | D:2      | Reached skill level 1 in Ice Magic
  1236 | D:2      | Reached skill level 1 in Air Magic
  1236 | D:2      | Reached skill level 1 in Earth Magic
  1236 | D:2      | Reached skill level 1 in Poison Magic
  1459 | D:2      | Found a burning altar of Makhleb.
  1475 | D:2      | Found a radiant altar of Vehumet.
  1624 | D:3      | HP: 1/38 [gnoll/+0 spear (4)]
  1626 | D:3      | Slain by a gnoll

Vanquished Creatures
  A worker ant (D:2)
  2 adders (D:2)
  2 worms (D:2)
  3 dart slugs
  A leopard gecko (D:2)
  A ball python (D:1)
  6 bats
  2 giant cockroaches (D:2)
  8 goblins
  10 hobgoblins
  3 jackals (D:2)
  3 kobolds (D:1)
  A quokka (D:2)
  2 frilled lizards (D:2)
  3 rats
48 creatures vanquished.

Table legend: (Time is in decaauts)
 A = Elapsed time spent in this place.
 B = Non-inter-level travel time spent in this place.
 C = Inter-level travel time spent in this place.
 D = Time resting spent in this place.
 E = Time spent auto-exploring this place.
 F = Levels seen in this place.
 G = Mean time per level.
                   A        B        C        D        E       F      G
               +--------+--------+--------+--------+--------+-----+--------+
         Total |   1620 |   1563 |     57 |      0 |   1269 |   3 |  540.0 |
       Dungeon |   1620 |   1563 |     57 |      0 |   1269 |   3 |  540.0 |
               +--------+--------+--------+--------+--------+-----+--------+

Top non-repeatable levels by time:
     D:2: 905 daAuts
     D:1: 662 daAuts
     D:3: 52 daAuts

Table legend:
 A = Non-vault XP
 B = Vault XP
 C = Vault XP percentage of total XP
 D = Non-vault monster count
 E = Vault monster count
 F = Vault count percentage of total count
                 A         B        C        D         E       F
            +---------+---------+-------+---------+---------+-------
      Total |     146 |       6 |   3.9 |      46 |       2 |   4.2
            +---------+---------+-------+---------+---------+-------
        D:1 |      26 |       0 |   0.0 |      14 |       0 |   0.0
        D:2 |     115 |       6 |   5.0 |      29 |       2 |   6.5
        D:3 |       5 |       0 |   0.0 |       3 |       0 |   0.0
            +---------+---------+-------+---------+---------+-------
